[ AOE2 MATCH · #491136253 ]
UnrankedTeutons vs Mapuche
[ REPLAY ANALYSIS · EXTRACTED FROM THE RECORDED GAME ]
Feudal
9:41
Castle
25:38
Imperial
—
| APM avg | 36.4 |
| APM peak | 87 |
| eAPM avg | 18.0 |
| Villagers / military | 95 / 27 |
Focus
⚔️ 34.5% · 🌾 65.5%
Teutonic Knight ×16 · Skirmisher ×6 · Battering Ram ×5
Feudal
11:23
Castle
14:53
Imperial
37:07
| APM avg | 49.2 |
| APM peak | 105 |
| eAPM avg | 27.5 |
| Villagers / military | 136 / 170 |
Focus
⚔️ 29.9% · 🌾 70.1%
Kona ×169 · Spearman ×1
Feudal
8:28
Castle
20:23
Imperial
36:45
| APM avg | 56.0 |
| APM peak | 112 |
| eAPM avg | 22.0 |
| Villagers / military | 125 / 78 |
Focus
⚔️ 23.4% · 🌾 76.6%
Camel Scout ×64 · Scout Cavalry ×8 · Ghulam ×6
Feudal
9:39
Castle
27:21
Imperial
—
| APM avg | 40.1 |
| APM peak | 79 |
| eAPM avg | 25.9 |
| Villagers / military | 173 / 128 |
Focus
⚔️ 31.2% · 🌾 68.8%
Skirmisher ×122 · Archer ×5 · Militia ×1
Feudal
8:51
Castle
22:03
Imperial
—
| APM avg | 52.5 |
| APM peak | 102 |
| eAPM avg | 25.9 |
| Villagers / military | 101 / 66 |
Focus
⚔️ 59.7% · 🌾 40.3%
Cavalry Archer ×62 · Militia ×3 · Archer ×1
Feudal
11:20
Castle
16:18
Imperial
—
| APM avg | 37.3 |
| APM peak | 75 |
| eAPM avg | 15.2 |
| Villagers / military | 94 / 0 |
Focus
⚔️ 30.3% · 🌾 69.7%
Unknown (2579) ×32
Feudal
11:47
Castle
15:23
Imperial
—
| APM avg | 69.5 |
| APM peak | 111 |
| eAPM avg | 24.4 |
| Villagers / military | 91 / 122 |
Focus
⚔️ 24.9% · 🌾 75.1%
Knight ×120 · Scout Cavalry ×2
Feudal
10:31
Castle
14:38
Imperial
31:16
| APM avg | 45.6 |
| APM peak | 63 |
| eAPM avg | 24.7 |
| Villagers / military | 132 / 90 |
Focus
⚔️ 26.2% · 🌾 73.8%
Flemish Militia ×44 · Hand Cannoneer ×24 · Coustillier ×9 · Monk ×5 · Spearman ×3 · Bombard Cannon ×3
Match map
Initial resources + every placement click. Lines = walls · curves = elevation contours. ◆ gold · ⬟ stone · ● berries · ✦ relic · ◌ wall gap
Your base· ✓ Closed at 25:38 · 3t walls · 2 gate(s)
关山难越谁悲失路之人萍水相逢尽是他乡之客's base· ✓ Closed at 14:53 · 0t walls · 3 gate(s)
Ux'Tycho0201's base· ✓ Closed at 20:23 · 0t walls · 4 gate(s)
今夕离梦杳's base· ✓ Closed at 27:21 · 35t walls · 6 gate(s)
Ux'DonChauron's base· ✓ Closed at 22:03 · 84t walls · 4 gate(s)
朝夕's base· ✓ Closed at 16:18 · 3t walls · 3 gate(s)
Ux' Krupjm's base· ✓ Closed at 15:23 · 0t walls · 2 gate(s)
心如止水's base· ✓ Closed at 14:38 · 0t walls · 2 gate(s)
Smoothed initial terrain · ◌ = detected wall gap · hover for details
Inputs per minute
— CTM | Crawly94 - - 关山难越谁悲失路之人萍水相逢尽是他乡之客
Build order — CTM | Crawly94
First 150 of 236 actions detected
| 0:03 | Create | Villager (Male) |
| 0:03 | Create | Villager (Male) |
| 0:05 | Build | House |
| 0:06 | Build | House |
| 0:07 | Create | Villager (Male) |
| 0:07 | Create | Villager (Male) |
| 1:35 | Create | Villager (Male) |
| 1:36 | Create | Villager (Male) |
| 1:48 | Create | Villager (Male) |
| 1:48 | Create | Villager (Male) |
| 1:51 | Build | Lumber Camp |
| 2:27 | Create | Villager (Male) |
| 2:28 | Create | Villager (Male) |
| 2:28 | Create | Villager (Male) |
| 3:21 | Create | Villager (Male) |
| 3:21 | Create | Villager (Male) |
| 3:33 | Build | Mill |
| 3:55 | Create | Villager (Male) |
| 4:12 | Build | House |
| 4:42 | Create | Villager (Male) |
| 4:42 | Create | Villager (Male) |
| 4:43 | Create | Villager (Male) |
| 5:47 | Create | Villager (Male) |
| 5:48 | Create | Villager (Male) |
| 6:35 | Create | Villager (Male) |
| 6:37 | Research | Loom |
| 7:31 | Research | Feudal Age |
| 8:07 | Build | Mining Camp |
| 8:32 | Build | House |
| 8:33 | Build | House |
| 8:40 | Create | Villager (Male) |
| 8:41 | Create | Villager (Male) |
| 9:41 | Age | Feudal Age |
| 9:47 | Build | Blacksmith |
| 9:49 | Research | Double-Bit Axe |
| 9:54 | Build | Watch Tower |
| 9:59 | Create | Villager (Male) |
| 10:34 | Research | Fletching |
| 10:38 | Create | Villager (Male) |
| 10:59 | Build | Watch Tower |
| 11:16 | Create | Villager (Male) |
| 11:16 | Create | Villager (Male) |
| 11:26 | Build | House |
| 11:27 | Build | House |
| 11:46 | Build | Watch Tower |
| 11:52 | Create | Villager (Male) |
| 11:53 | Create | Villager (Male) |
| 12:18 | Build | Watch Tower |
| 12:32 | Create | Villager (Male) |
| 12:32 | Create | Villager (Male) |
| 12:43 | Create | Villager (Male) |
| 12:43 | Create | Villager (Male) |
| 13:09 | Create | Villager (Male) |
| 13:43 | Build | Watch Tower |
| 13:58 | Build | Farm |
| 13:58 | Build | Farm |
| 14:01 | Build | Farm |
| 14:01 | Build | Farm |
| 14:05 | Create | Villager (Male) |
| 14:05 | Create | Villager (Male) |
| 14:47 | Build | Watch Tower |
| 15:26 | Create | Villager (Male) |
| 15:26 | Create | Villager (Male) |
| 15:26 | Create | Villager (Male) |
| 15:48 | Build | Watch Tower |
| 15:54 | Build | Palisade Wall |
| 15:55 | Build | Palisade Wall |
| 15:58 | Build | Palisade Wall |
| 16:02 | Create | Villager (Male) |
| 16:02 | Create | Villager (Male) |
| 16:03 | Create | Villager (Male) |
| 16:45 | Create | Villager (Male) |
| 16:45 | Create | Villager (Male) |
| 17:27 | Create | Villager (Male) |
| 17:38 | Build | House |
| 17:41 | Build | House |
| 17:45 | Build | House |
| 17:52 | Build | House |
| 18:26 | Create | Villager (Male) |
| 18:26 | Create | Villager (Male) |
| 18:40 | Create | Villager (Male) |
| 18:42 | Build | Farm |
| 18:43 | Build | Farm |
| 18:43 | Build | Farm |
| 18:43 | Build | Farm |
| 18:43 | Build | Farm |
| 18:43 | Build | Farm |
| 19:13 | Create | Villager (Male) |
| 19:13 | Create | Villager (Male) |
| 19:33 | Create | Villager (Male) |
| 19:33 | Create | Villager (Male) |
| 19:36 | Build | Farm |
| 19:36 | Build | Farm |
| 19:38 | Create | Villager (Male) |
| 19:48 | Build | Farm |
| 19:55 | Build | Market |
| 20:31 | Build | House |
| 20:32 | Build | House |
| 20:33 | Build | House |
| 20:50 | Build | Farm |
| 20:51 | Build | Farm |
| 20:53 | Create | Villager (Male) |
| 21:57 | Build | Mining Camp |
| 22:06 | Build | Farm |
| 22:14 | Build | House |
| 22:19 | Build | House |
| 22:30 | Create | Villager (Male) |
| 22:57 | Build | Mining Camp |
| 22:58 | Research | Castle Age |
| 22:58 | Research | Castle Age |
| 23:06 | Build | Farm |
| 23:06 | Build | Farm |
| 23:50 | Build | Farm |
| 23:55 | Research | Wheelbarrow |
| 24:01 | Research | Horse Collar |
| 24:02 | Research | Horse Collar |
| 24:15 | Build | House |
| 24:17 | Build | House |
| 24:28 | Build | House |
| 24:36 | Build | House |
| 24:37 | Build | House |
| 25:38 | Age | Castle Age |
| 25:38 | Create | Villager (Male) |
| 25:44 | Build | Town Center |
| 25:46 | Create | Villager (Male) |
| 25:56 | Research | Town Watch |
| 26:05 | Research | Town Watch |
| 26:05 | Create | Villager (Male) |
| 26:06 | Create | Villager (Male) |
| 26:15 | Build | Castle |
| 26:22 | Create | Villager (Male) |
| 26:22 | Create | Villager (Male) |
| 26:58 | Create | Villager (Male) |
| 27:04 | Create | Villager (Male) |
| 27:04 | Create | Villager (Male) |
| 27:09 | Build | Farm |
| 27:10 | Build | Farm |
| 27:12 | Create | Villager (Male) |
| 27:43 | Create | Teutonic Knight |
| 27:43 | Create | Teutonic Knight |
| 27:44 | Create | Teutonic Knight |
| 28:20 | Build | Siege Workshop |
| 28:27 | Create | Villager (Male) |
| 28:27 | Create | Villager (Male) |
| 28:32 | Build | Farm |
| 28:33 | Build | Farm |
| 28:33 | Build | Farm |
| 28:33 | Build | Farm |
| 28:36 | Create | Villager (Male) |
| 28:51 | Build | Mining Camp |
Build order — 关山难越谁悲失路之人萍水相逢尽是他乡之客
First 150 of 356 actions detected
| 0:02 | Create | Villager (Male) |
| 0:02 | Create | Villager (Male) |
| 0:02 | Create | Villager (Male) |
| 0:03 | Build | House |
| 0:04 | Build | House |
| 1:05 | Create | Villager (Male) |
| 1:28 | Create | Villager (Male) |
| 1:28 | Create | Villager (Male) |
| 2:00 | Create | Villager (Male) |
| 2:12 | Build | Settlement |
| 2:27 | Create | Villager (Male) |
| 2:47 | Create | Villager (Male) |
| 3:02 | Create | Villager (Male) |
| 3:26 | Create | Villager (Male) |
| 3:59 | Create | Villager (Male) |
| 4:15 | Create | Villager (Male) |
| 4:46 | Build | Settlement |
| 4:59 | Create | Villager (Male) |
| 4:59 | Create | Villager (Male) |
| 5:46 | Create | Villager (Male) |
| 5:56 | Create | Villager (Male) |
| 6:03 | Build | Settlement |
| 6:06 | Create | Villager (Male) |
| 6:06 | Create | Villager (Male) |
| 7:30 | Create | Villager (Male) |
| 7:46 | Create | Villager (Male) |
| 8:20 | Create | Villager (Male) |
| 8:41 | Research | Feudal Age |
| 8:41 | Research | Feudal Age |
| 8:48 | Create | Villager (Male) |
| 8:48 | Research | Feudal Age |
| 9:44 | Build | Farm |
| 10:39 | Build | Farm |
| 11:06 | Create | Villager (Male) |
| 11:06 | Create | Villager (Male) |
| 11:19 | Research | Loom |
| 11:23 | Age | Feudal Age |
| 11:26 | Build | Market |
| 11:31 | Build | Blacksmith |
| 11:53 | Create | Spearman |
| 12:12 | Research | Castle Age |
| 12:32 | Research | Double-Bit Axe |
| 12:37 | Research | Horse Collar |
| 12:42 | Build | Farm |
| 12:44 | Build | Farm |
| 12:56 | Build | Farm |
| 13:40 | Create | Villager (Male) |
| 14:10 | Build | House |
| 14:11 | Build | House |
| 14:17 | Research | Gold Mining |
| 14:53 | Age | Castle Age |
| 15:02 | Build | Castle |
| 15:12 | Create | Villager (Male) |
| 15:26 | Create | Villager (Male) |
| 15:49 | Build | Farm |
| 15:54 | Build | Farm |
| 15:58 | Build | Farm |
| 16:01 | Build | Farm |
| 16:06 | Build | Farm |
| 16:08 | Create | Villager (Male) |
| 16:15 | Create | Kona ×4 |
| 16:21 | Build | Farm |
| 16:24 | Build | Farm |
| 16:26 | Build | Farm |
| 16:34 | Create | Villager (Male) |
| 16:38 | Build | Farm |
| 16:40 | Create | Villager (Male) |
| 16:56 | Create | Kona |
| 16:56 | Create | Kona |
| 17:02 | Build | Farm |
| 17:04 | Build | Farm |
| 17:07 | Build | Farm |
| 17:12 | Create | Kona |
| 17:27 | Create | Kona |
| 17:27 | Create | Kona |
| 17:32 | Create | Villager (Male) |
| 17:34 | Create | Kona |
| 17:34 | Create | Kona |
| 17:46 | Build | Farm |
| 17:49 | Create | Villager (Male) |
| 17:59 | Create | Kona |
| 18:08 | Build | Farm |
| 18:15 | Create | Villager (Male) |
| 18:29 | Create | Kona ×2 |
| 18:43 | Create | Villager (Male) |
| 18:48 | Create | Kona |
| 18:48 | Create | Kona |
| 19:04 | Create | Kona |
| 19:04 | Create | Kona |
| 19:05 | Create | Villager (Male) |
| 19:49 | Create | Villager (Male) |
| 19:52 | Create | Kona ×4 |
| 19:52 | Create | Kona ×4 |
| 20:23 | Create | Villager (Male) |
| 20:25 | Create | Kona ×2 |
| 20:25 | Create | Kona ×2 |
| 20:45 | Create | Villager (Male) |
| 21:26 | Create | Villager (Male) |
| 21:28 | Create | Kona ×5 |
| 21:44 | Create | Villager (Male) |
| 22:03 | Create | Villager (Male) |
| 22:05 | Create | Kona |
| 22:05 | Create | Kona |
| 22:06 | Create | Kona |
| 22:10 | Build | Farm |
| 22:24 | Build | Town Center |
| 22:43 | Create | Kona |
| 22:43 | Create | Kona ×2 |
| 22:43 | Create | Kona ×2 |
| 22:54 | Create | Villager (Male) |
| 23:13 | Create | Villager (Male) |
| 23:22 | Create | Villager (Male) |
| 23:40 | Create | Kona ×3 |
| 23:40 | Create | Kona |
| 24:15 | Create | Villager (Male) |
| 24:15 | Create | Villager (Male) |
| 24:16 | Create | Villager (Male) |
| 24:16 | Create | Villager (Male) |
| 24:36 | Build | Town Center |
| 24:38 | Create | Villager (Male) |
| 24:40 | Build | Farm |
| 24:41 | Build | Farm |
| 24:42 | Create | Kona |
| 24:43 | Create | Kona ×2 |
| 24:43 | Create | Kona |
| 24:52 | Build | Farm |
| 25:04 | Build | House |
| 25:04 | Build | House |
| 25:05 | Build | House |
| 25:08 | Research | Wheelbarrow |
| 25:20 | Build | Farm |
| 25:36 | Create | Villager (Male) |
| 25:40 | Create | Kona |
| 25:40 | Create | Kona |
| 25:41 | Create | Kona ×2 |
| 25:41 | Create | Kona |
| 25:45 | Create | Villager (Male) |
| 26:12 | Create | Villager (Male) |
| 26:13 | Create | Villager (Male) |
| 26:17 | Build | Settlement |
| 26:37 | Create | Villager (Male) |
| 26:42 | Create | Villager (Male) |
| 27:06 | Build | Town Center |
| 27:08 | Create | Villager (Male) |
| 27:13 | Create | Kona ×5 |
| 27:13 | Create | Kona |
| 27:22 | Build | Farm |
| 27:42 | Create | Villager (Male) |
| 27:43 | Create | Villager (Male) |
| 27:45 | Build | Farm |
Build order — Ux'Tycho0201
First 150 of 344 actions detected
| 0:02 | Create | Villager (Male) |
| 0:02 | Create | Villager (Male) |
| 0:02 | Create | Villager (Male) |
| 0:02 | Create | Villager (Male) |
| 0:03 | Create | Villager (Male) |
| 0:04 | Build | House |
| 0:06 | Build | House |
| 1:06 | Create | Villager (Male) |
| 1:06 | Create | Villager (Male) |
| 1:31 | Create | Villager (Male) |
| 1:32 | Create | Villager (Male) |
| 1:52 | Create | Villager (Male) |
| 1:52 | Create | Villager (Male) |
| 1:54 | Build | Lumber Camp |
| 2:38 | Create | Villager (Male) |
| 2:57 | Create | Villager (Male) |
| 3:02 | Build | House |
| 3:21 | Create | Villager (Male) |
| 3:57 | Create | Villager (Male) |
| 4:10 | Create | Villager (Male) |
| 4:50 | Create | Villager (Male) |
| 4:51 | Build | Mill |
| 5:04 | Create | Villager (Male) |
| 5:06 | Research | Loom |
| 5:06 | Research | Loom |
| 6:18 | Research | Feudal Age |
| 6:18 | Research | Feudal Age |
| 7:08 | Create | Villager (Male) |
| 7:09 | Create | Villager (Male) |
| 7:41 | Build | Barracks |
| 8:02 | Build | House |
| 8:28 | Age | Feudal Age |
| 8:35 | Create | Villager (Male) |
| 8:50 | Build | Stable |
| 9:14 | Create | Villager (Male) |
| 9:17 | Build | Farm |
| 9:21 | Research | Double-Bit Axe |
| 9:37 | Create | Villager (Male) |
| 9:46 | Build | Farm |
| 9:49 | Build | Farm |
| 9:51 | Create | Scout Cavalry |
| 9:51 | Create | Scout Cavalry |
| 9:52 | Create | Scout Cavalry |
| 9:56 | Build | House |
| 10:08 | Create | Villager (Male) |
| 10:11 | Build | Farm |
| 10:22 | Build | House |
| 10:30 | Build | Farm |
| 10:38 | Create | Villager (Male) |
| 10:54 | Build | House |
| 11:11 | Create | Villager (Male) |
| 11:21 | Create | Scout Cavalry |
| 11:32 | Build | Farm |
| 11:33 | Create | Villager (Male) |
| 11:36 | Build | Farm |
| 11:46 | Create | Scout Cavalry |
| 11:46 | Create | Villager (Male) |
| 11:56 | Create | Villager (Male) |
| 12:22 | Create | Villager (Male) |
| 12:28 | Build | Farm |
| 12:28 | Build | Farm |
| 12:28 | Build | Farm |
| 12:28 | Build | Farm |
| 12:28 | Build | Farm |
| 12:28 | Build | Farm |
| 12:33 | Create | Scout Cavalry |
| 12:58 | Create | Villager (Male) |
| 13:13 | Build | Farm |
| 13:15 | Research | Horse Collar |
| 13:15 | Research | Horse Collar |
| 13:16 | Create | Scout Cavalry |
| 13:16 | Create | Scout Cavalry |
| 13:29 | Create | Villager (Male) |
| 13:43 | Build | House |
| 13:45 | Build | Farm |
| 13:48 | Build | Farm |
| 14:42 | Create | Villager (Male) |
| 14:47 | Create | Villager (Male) |
| 15:00 | Create | Villager (Male) |
| 15:05 | Build | Farm |
| 15:06 | Build | Farm |
| 15:08 | Build | Farm |
| 15:29 | Create | Villager (Male) |
| 15:34 | Build | Farm |
| 15:48 | Build | Market |
| 15:54 | Create | Villager (Male) |
| 16:02 | Build | Mining Camp |
| 16:06 | Build | Farm |
| 16:34 | Build | House |
| 16:36 | Create | Villager (Male) |
| 16:50 | Create | Villager (Male) |
| 17:02 | Build | Farm |
| 17:08 | Build | Farm |
| 17:08 | Build | Farm |
| 17:26 | Create | Villager (Male) |
| 17:43 | Research | Castle Age |
| 17:43 | Research | Castle Age |
| 18:18 | Research | Bloodlines |
| 18:19 | Research | Bloodlines |
| 18:24 | Build | Blacksmith |
| 18:28 | Build | Stable |
| 18:53 | Create | Villager (Male) |
| 18:54 | Create | Villager (Male) |
| 19:16 | Research | Scale Barding Armor |
| 19:16 | Research | Scale Barding Armor |
| 19:21 | Create | Villager (Male) |
| 19:47 | Research | Forging |
| 19:47 | Research | Forging |
| 19:47 | Research | Forging |
| 20:21 | Research | Gold Mining |
| 20:21 | Research | Gold Mining |
| 20:21 | Research | Gold Mining |
| 20:23 | Age | Castle Age |
| 20:26 | Create | Camel Scout |
| 20:26 | Create | Camel Scout |
| 20:26 | Create | Camel Scout |
| 20:26 | Create | Camel Scout |
| 20:53 | Create | Villager (Male) |
| 20:55 | Research | Heavy Plow |
| 20:58 | Research | Bow Saw |
| 20:58 | Research | Bow Saw |
| 21:01 | Build | Lumber Camp |
| 21:06 | Create | Camel Scout |
| 21:06 | Create | Camel Scout |
| 21:25 | Create | Camel Scout |
| 21:25 | Create | Camel Scout |
| 21:26 | Create | Camel Scout |
| 21:27 | Create | Villager (Male) |
| 21:35 | Build | House |
| 21:36 | Build | House |
| 21:56 | Research | Husbandry |
| 21:56 | Research | Husbandry |
| 21:56 | Research | Husbandry |
| 22:22 | Create | Villager (Male) |
| 22:23 | Create | Villager (Male) |
| 22:32 | Create | Camel Scout |
| 22:32 | Create | Camel Scout |
| 22:32 | Create | Camel Scout |
| 22:38 | Build | Town Center |
| 22:45 | Build | House |
| 22:57 | Create | Villager (Male) |
| 23:01 | Create | Camel Scout |
| 23:01 | Create | Camel Scout |
| 23:01 | Create | Camel Scout |
| 23:03 | Create | Camel Scout |
| 23:22 | Build | Farm |
| 23:22 | Build | Farm |
| 23:22 | Build | Farm |
| 23:23 | Build | Farm |
| 23:23 | Build | Farm |
Build order — 今夕离梦杳
First 150 of 402 actions detected
| 0:01 | Create | Villager (Male) ×4 |
| 0:01 | Create | Villager (Male) ×4 |
| 0:03 | Build | House |
| 0:04 | Build | House |
| 1:29 | Create | Villager (Male) |
| 1:46 | Build | Lumber Camp |
| 1:47 | Create | Villager (Male) |
| 2:03 | Create | Villager (Male) |
| 2:53 | Create | Villager (Male) |
| 2:58 | Create | Villager (Male) |
| 3:04 | Create | Villager (Male) |
| 3:28 | Create | Villager (Male) |
| 4:14 | Create | Villager (Male) |
| 4:22 | Create | Villager (Male) |
| 4:40 | Research | Loom |
| 4:41 | Create | Villager (Male) |
| 4:41 | Create | Villager (Male) |
| 4:42 | Build | House |
| 4:47 | Build | House |
| 4:53 | Create | Villager (Male) |
| 5:34 | Create | Villager (Male) |
| 5:47 | Create | Villager (Male) |
| 6:21 | Create | Villager (Male) |
| 6:33 | Create | Villager (Male) |
| 7:08 | Build | Mining Camp |
| 7:29 | Research | Feudal Age |
| 7:29 | Research | Feudal Age |
| 7:31 | Create | Villager (Male) |
| 7:31 | Create | Villager (Male) |
| 8:06 | Build | Lumber Camp |
| 8:27 | Create | Villager (Male) |
| 9:07 | Build | House |
| 9:12 | Build | Barracks |
| 9:16 | Build | Palisade Wall |
| 9:17 | Create | Villager (Male) |
| 9:29 | Build | Palisade Wall |
| 9:30 | Create | Villager (Male) |
| 9:34 | Create | Villager (Male) |
| 9:39 | Age | Feudal Age |
| 9:49 | Build | Watch Tower |
| 9:59 | Build | Palisade Gate |
| 10:03 | Create | Villager (Male) |
| 10:13 | Create | Villager (Male) |
| 10:19 | Build | House |
| 10:22 | Build | Palisade Gate |
| 10:25 | Build | Palisade Wall |
| 10:36 | Build | Mill |
| 10:56 | Build | Blacksmith |
| 11:29 | Create | Villager (Male) |
| 11:34 | Build | Palisade Gate |
| 11:56 | Research | Double-Bit Axe |
| 12:31 | Build | Market |
| 12:37 | Build | Market |
| 12:43 | Create | Villager (Male) |
| 12:43 | Create | Villager (Male) |
| 13:10 | Create | Villager (Male) |
| 13:30 | Build | Watch Tower |
| 13:32 | Create | Villager (Male) |
| 13:39 | Create | Villager (Male) |
| 13:56 | Research | Fletching |
| 14:37 | Create | Villager (Male) |
| 15:07 | Create | Villager (Male) |
| 15:39 | Create | Villager (Male) |
| 15:58 | Build | Palisade Wall |
| 16:03 | Build | Palisade Wall |
| 16:06 | Create | Villager (Male) |
| 16:18 | Build | Watch Tower |
| 16:31 | Create | Villager (Male) |
| 16:33 | Research | Horse Collar |
| 16:43 | Build | Farm |
| 16:55 | Create | Villager (Male) |
| 17:08 | Build | Palisade Wall |
| 17:33 | Build | Farm |
| 17:35 | Build | Farm |
| 17:36 | Create | Villager (Male) |
| 17:37 | Create | Villager (Male) |
| 17:43 | Build | Lumber Camp |
| 17:49 | Build | Farm |
| 18:13 | Build | Farm |
| 18:14 | Create | Villager (Male) |
| 18:15 | Create | Villager (Male) |
| 18:21 | Build | Farm |
| 18:26 | Build | Farm |
| 18:37 | Build | Farm |
| 18:38 | Build | Farm |
| 18:38 | Build | Farm |
| 18:41 | Create | Villager (Male) |
| 18:55 | Create | Villager (Male) |
| 19:00 | Build | Farm |
| 19:06 | Build | Farm |
| 19:17 | Create | Villager (Male) |
| 19:17 | Create | Villager (Male) |
| 19:23 | Build | Farm |
| 19:34 | Create | Militia |
| 19:39 | Build | Farm |
| 19:45 | Create | Villager (Male) |
| 19:45 | Create | Villager (Male) |
| 19:51 | Create | Villager (Male) |
| 20:06 | Create | Villager (Male) |
| 20:06 | Create | Villager (Male) |
| 20:11 | Build | Farm |
| 20:16 | Build | Farm |
| 20:19 | Build | Farm |
| 20:20 | Build | Farm |
| 20:23 | Build | Farm |
| 20:25 | Create | Villager (Male) |
| 20:29 | Build | Farm |
| 20:30 | Create | Villager (Male) |
| 20:32 | Build | Palisade Gate |
| 20:42 | Build | Palisade Wall |
| 20:43 | Create | Villager (Male) |
| 20:45 | Build | Palisade Gate |
| 20:51 | Create | Villager (Male) |
| 21:01 | Build | Palisade Gate |
| 21:06 | Build | Farm |
| 21:08 | Build | Mill |
| 21:09 | Build | Farm |
| 21:09 | Build | Farm |
| 21:09 | Build | Farm |
| 21:10 | Build | Farm |
| 21:18 | Build | Stone Wall |
| 21:19 | Build | Stone Wall |
| 21:22 | Build | Stone Wall |
| 21:35 | Build | Stone Wall |
| 21:35 | Create | Villager (Male) |
| 21:39 | Create | Villager (Male) |
| 21:42 | Create | Villager (Male) |
| 21:48 | Build | Mill |
| 21:50 | Build | Farm |
| 21:50 | Build | Farm |
| 21:52 | Create | Villager (Male) |
| 21:56 | Create | Villager (Male) |
| 22:00 | Create | Villager (Male) |
| 22:11 | Create | Villager (Male) |
| 22:16 | Build | Stone Wall |
| 22:17 | Create | Villager (Male) |
| 22:20 | Build | Gate |
| 22:22 | Create | Villager (Male) |
| 22:29 | Create | Villager (Male) |
| 22:34 | Create | Villager (Male) |
| 22:44 | Create | Villager (Male) |
| 22:48 | Build | Lumber Camp |
| 22:52 | Create | Villager (Male) |
| 22:54 | Build | Farm |
| 23:01 | Build | Farm |
| 23:04 | Create | Villager (Male) |
| 23:17 | Create | Villager (Male) |
| 23:22 | Build | House |
| 23:23 | Build | House |
| 23:24 | Build | House |
Build order — Ux'DonChauron
First 150 of 321 actions detected
| 0:01 | Create | Villager (Male) |
| 0:01 | Create | Villager (Male) |
| 0:02 | Build | House |
| 0:03 | Build | House |
| 0:09 | Create | Villager (Male) |
| 0:10 | Create | Villager (Male) |
| 0:10 | Create | Villager (Male) |
| 1:29 | Create | Villager (Male) |
| 1:48 | Create | Villager (Male) |
| 1:51 | Build | Lumber Camp |
| 2:14 | Create | Villager (Male) |
| 2:42 | Create | Villager (Male) |
| 2:58 | Create | Villager (Male) |
| 3:29 | Create | Villager (Male) |
| 3:57 | Create | Villager (Male) |
| 4:01 | Build | House |
| 4:27 | Create | Villager (Male) |
| 4:29 | Create | Villager (Male) |
| 4:42 | Create | Villager (Male) |
| 5:06 | Build | Barracks |
| 5:12 | Create | Villager (Male) |
| 5:15 | Research | Loom |
| 5:23 | Build | House |
| 5:59 | Build | Mining Camp |
| 6:32 | Research | Feudal Age |
| 6:33 | Research | Feudal Age |
| 6:33 | Research | Feudal Age |
| 6:58 | Create | Militia |
| 6:59 | Create | Militia |
| 7:34 | Create | Militia |
| 8:05 | Create | Villager (Male) |
| 8:24 | Build | Mill |
| 8:29 | Build | Mining Camp |
| 8:33 | Create | Villager (Male) |
| 8:39 | Build | House |
| 8:51 | Age | Feudal Age |
| 8:53 | Research | Man-at-Arms (upgrade) |
| 8:57 | Build | Watch Tower |
| 9:33 | Create | Villager (Male) |
| 9:54 | Create | Villager (Male) |
| 10:24 | Create | Villager (Male) |
| 10:31 | Build | Watch Tower |
| 10:38 | Create | Villager (Male) |
| 10:39 | Build | House |
| 11:03 | Create | Villager (Male) |
| 11:13 | Build | Stone Wall |
| 11:24 | Build | Farm |
| 11:32 | Build | House |
| 11:34 | Create | Villager (Male) |
| 11:38 | Build | Farm |
| 11:40 | Create | Villager (Male) |
| 11:47 | Build | Blacksmith |
| 11:48 | Build | House |
| 12:16 | Research | Arson |
| 12:17 | Create | Villager (Male) |
| 12:23 | Build | Farm |
| 12:34 | Create | Villager (Male) |
| 12:49 | Build | Stone Wall |
| 12:57 | Create | Villager (Male) |
| 13:01 | Build | Farm |
| 13:12 | Build | Farm |
| 13:16 | Build | Farm |
| 13:27 | Build | Farm |
| 13:30 | Create | Villager (Male) |
| 13:53 | Build | Watch Tower |
| 13:59 | Create | Villager (Male) |
| 14:03 | Build | Farm |
| 14:30 | Build | Stone Wall |
| 14:47 | Create | Villager (Male) |
| 14:49 | Research | Fletching |
| 14:50 | Create | Villager (Male) |
| 15:12 | Create | Villager (Male) |
| 15:27 | Build | Archery Range |
| 15:34 | Build | Farm |
| 15:52 | Create | Villager (Male) |
| 15:55 | Build | Farm |
| 16:22 | Build | Stone Wall |
| 16:25 | Build | Stone Wall |
| 16:28 | Create | Villager (Male) |
| 16:43 | Build | Market |
| 16:46 | Create | Villager (Male) |
| 17:10 | Create | Villager (Male) |
| 17:14 | Build | Farm |
| 17:16 | Build | Farm |
| 17:19 | Build | Farm |
| 17:23 | Build | Gate |
| 17:27 | Create | Villager (Male) |
| 17:29 | Build | House |
| 17:46 | Build | Farm |
| 17:47 | Create | Villager (Male) |
| 18:20 | Create | Villager (Male) |
| 18:53 | Create | Villager (Male) |
| 19:19 | Research | Castle Age |
| 19:19 | Research | Castle Age |
| 19:30 | Build | Stone Wall |
| 19:52 | Build | Stone Wall |
| 20:01 | Build | Stone Wall |
| 20:07 | Build | Stone Wall |
| 20:09 | Build | Stone Wall |
| 20:11 | Build | Stone Wall |
| 20:34 | Create | Villager (Male) |
| 20:49 | Build | Farm |
| 20:49 | Build | Farm |
| 20:50 | Build | Farm |
| 20:50 | Research | Horse Collar |
| 21:07 | Build | Archery Range |
| 21:13 | Build | Stable |
| 21:33 | Research | Double-Bit Axe |
| 21:33 | Research | Double-Bit Axe |
| 21:42 | Create | Villager (Male) |
| 22:03 | Age | Castle Age |
| 22:07 | Research | Bodkin Arrow |
| 22:10 | Create | Cavalry Archer |
| 22:10 | Create | Cavalry Archer |
| 22:10 | Create | Villager (Male) |
| 22:13 | Create | Villager (Male) |
| 22:24 | Build | Stone Wall |
| 22:26 | Create | Villager (Male) |
| 22:38 | Build | Gate |
| 22:41 | Research | Bloodlines |
| 22:42 | Research | Bloodlines |
| 22:43 | Create | Cavalry Archer |
| 22:43 | Create | Cavalry Archer |
| 22:56 | Build | House |
| 22:59 | Create | Cavalry Archer |
| 22:59 | Create | Villager (Male) |
| 23:18 | Create | Cavalry Archer |
| 23:19 | Create | Cavalry Archer |
| 23:19 | Create | Villager (Male) |
| 23:29 | Build | House |
| 23:35 | Create | Cavalry Archer |
| 23:40 | Research | Husbandry |
| 23:40 | Research | Husbandry |
| 23:49 | Create | Cavalry Archer |
| 23:49 | Create | Cavalry Archer |
| 23:58 | Research | Padded Archer Armor |
| 24:05 | Create | Villager (Male) |
| 24:34 | Create | Archer |
| 24:38 | Build | University |
| 24:45 | Create | Cavalry Archer |
| 24:45 | Create | Cavalry Archer |
| 24:45 | Create | Villager (Male) |
| 24:47 | Build | House |
| 24:53 | Research | Wheelbarrow |
| 24:53 | Research | Wheelbarrow |
| 25:05 | Create | Cavalry Archer |
| 25:06 | Create | Villager (Male) |
| 25:27 | Research | Gold Mining |
| 25:53 | Research | Ballistics |
| 25:53 | Research | Ballistics |
Build order — 朝夕
First 150 of 183 actions detected
| 0:02 | Create | Villager (Male) |
| 0:02 | Create | Villager (Male) |
| 0:02 | Create | Villager (Male) |
| 0:03 | Create | Villager (Male) |
| 0:03 | Create | Villager (Male) |
| 0:05 | Build | House |
| 0:06 | Build | House |
| 1:09 | Create | Villager (Male) |
| 1:09 | Create | Villager (Male) |
| 1:37 | Create | Villager (Male) |
| 1:37 | Create | Villager (Male) |
| 1:49 | Build | Settlement |
| 2:02 | Create | Villager (Male) |
| 2:02 | Create | Villager (Male) |
| 2:15 | Create | Villager (Male) |
| 2:15 | Create | Villager (Male) |
| 2:57 | Create | Villager (Male) |
| 2:58 | Create | Villager (Male) |
| 3:32 | Create | Villager (Male) |
| 3:32 | Create | Villager (Male) |
| 3:33 | Create | Villager (Male) |
| 4:00 | Build | Settlement |
| 4:04 | Create | Villager (Male) |
| 4:04 | Create | Villager (Male) |
| 5:08 | Create | Villager (Male) |
| 5:09 | Create | Villager (Male) |
| 5:09 | Create | Villager (Male) |
| 5:09 | Create | Villager (Male) |
| 5:32 | Create | Villager (Male) |
| 6:14 | Create | Villager (Male) |
| 6:31 | Create | Villager (Male) |
| 7:35 | Create | Villager (Male) |
| 7:59 | Create | Villager (Male) |
| 8:00 | Create | Villager (Male) |
| 8:33 | Build | Farm |
| 9:10 | Research | Feudal Age |
| 9:46 | Create | Villager (Male) |
| 9:47 | Create | Villager (Male) |
| 10:14 | Build | House |
| 10:32 | Research | Loom |
| 11:18 | Create | Villager (Male) |
| 11:20 | Age | Feudal Age |
| 11:46 | Build | Palisade Gate |
| 12:16 | Build | Palisade Gate |
| 12:17 | Build | House |
| 12:20 | Build | House |
| 12:30 | Build | Palisade Wall |
| 12:45 | Create | Villager (Male) |
| 12:55 | Build | Market |
| 12:59 | Build | Blacksmith |
| 13:38 | Research | Castle Age |
| 14:35 | Build | Settlement |
| 14:45 | Build | Palisade Wall |
| 15:33 | Build | Settlement |
| 15:40 | Build | Palisade Wall |
| 16:18 | Age | Castle Age |
| 16:53 | Build | Castle |
| 17:06 | Build | Castle |
| 18:45 | Build | Town Center |
| 19:03 | Create | Villager (Male) |
| 19:05 | Build | House |
| 19:34 | Create | Villager (Male) |
| 20:07 | Build | Settlement |
| 22:00 | Create | Unit 2579 |
| 22:18 | Build | Palisade Gate |
| 22:33 | Build | Farm |
| 22:41 | Build | Farm |
| 22:46 | Build | Farm |
| 23:01 | Build | Palisade Wall |
| 23:10 | Create | Villager (Male) |
| 23:10 | Create | Villager (Male) |
| 23:16 | Build | Farm |
| 23:20 | Build | Farm |
| 23:24 | Build | Farm |
| 23:46 | Build | Farm |
| 24:15 | Create | Villager (Male) |
| 24:15 | Create | Villager (Male) |
| 24:21 | Build | Farm |
| 24:26 | Build | Farm |
| 24:27 | Create | Villager (Male) |
| 24:27 | Create | Villager (Male) |
| 24:49 | Build | Farm |
| 24:52 | Build | Farm |
| 24:59 | Build | Farm |
| 25:00 | Create | Villager (Male) |
| 25:00 | Create | Villager (Male) |
| 25:08 | Create | Villager (Male) |
| 25:08 | Create | Villager (Male) |
| 25:09 | Create | Villager (Male) |
| 25:26 | Build | Farm |
| 25:27 | Create | Villager (Male) |
| 25:28 | Create | Villager (Male) |
| 25:39 | Create | Villager (Male) |
| 25:39 | Create | Villager (Male) |
| 25:46 | Create | Unit 2579 |
| 26:07 | Create | Villager (Male) |
| 26:08 | Create | Villager (Male) |
| 26:08 | Create | Villager (Male) |
| 26:08 | Create | Villager (Male) |
| 26:59 | Research | Fletching |
| 27:03 | Build | House |
| 27:18 | Build | House |
| 27:29 | Create | Unit 2579 |
| 27:36 | Create | Villager (Male) |
| 27:36 | Create | Villager (Male) |
| 27:36 | Create | Villager (Male) |
| 28:00 | Research | Bodkin Arrow |
| 28:00 | Research | Bodkin Arrow |
| 28:13 | Create | Villager (Male) |
| 28:13 | Create | Villager (Male) |
| 28:33 | Create | Unit 2579 |
| 28:33 | Create | Unit 2579 |
| 28:34 | Create | Unit 2579 |
| 28:39 | Create | Villager (Male) |
| 28:39 | Create | Villager (Male) |
| 28:49 | Create | Unit 2579 |
| 28:49 | Create | Unit 2579 |
| 29:03 | Build | Settlement |
| 29:09 | Create | Villager (Male) |
| 29:09 | Create | Villager (Male) |
| 29:10 | Create | Villager (Male) |
| 29:14 | Create | Unit 2579 |
| 29:14 | Create | Unit 2579 |
| 29:33 | Create | Unit 2579 |
| 29:34 | Create | Unit 2579 |
| 29:37 | Create | Villager (Male) |
| 29:37 | Create | Villager (Male) |
| 29:37 | Create | Villager (Male) |
| 30:07 | Research | Double-Bit Axe |
| 30:13 | Create | Unit 2579 |
| 30:13 | Create | Unit 2579 |
| 30:21 | Create | Villager (Male) |
| 30:22 | Create | Villager (Male) |
| 30:22 | Create | Villager (Male) |
| 30:22 | Create | Villager (Male) |
| 30:34 | Create | Villager (Male) |
| 30:35 | Create | Villager (Male) |
| 30:37 | Create | Unit 2579 |
| 30:37 | Create | Unit 2579 |
| 31:05 | Create | Unit 2579 |
| 31:21 | Create | Villager (Male) |
| 31:21 | Create | Villager (Male) |
| 31:30 | Create | Unit 2579 |
| 31:36 | Create | Villager (Male) |
| 31:36 | Create | Villager (Male) |
| 33:10 | Build | Town Center |
| 33:15 | Create | Villager (Male) |
| 33:15 | Create | Villager (Male) |
| 33:15 | Create | Villager (Male) |
| 33:28 | Create | Unit 2579 |
Build order — Ux' Krupjm
First 150 of 260 actions detected
| 0:03 | Create | Villager (Male) |
| 0:03 | Create | Villager (Male) |
| 0:04 | Create | Villager (Male) |
| 0:04 | Create | Villager (Male) |
| 0:04 | Create | Villager (Male) |
| 0:06 | Build | House |
| 0:10 | Build | House |
| 1:39 | Create | Villager (Male) |
| 1:39 | Create | Villager (Male) |
| 1:50 | Build | Lumber Camp |
| 2:11 | Create | Villager (Male) |
| 2:12 | Create | Villager (Male) |
| 2:12 | Create | Villager (Male) |
| 2:29 | Create | Villager (Male) |
| 3:32 | Create | Villager (Male) |
| 3:32 | Create | Villager (Male) |
| 3:51 | Create | Villager (Male) |
| 3:52 | Create | Villager (Male) |
| 3:52 | Create | Villager (Male) |
| 4:05 | Build | House |
| 4:24 | Create | Villager (Male) |
| 5:44 | Build | House |
| 5:49 | Create | Villager (Male) |
| 5:49 | Create | Villager (Male) |
| 6:11 | Create | Villager (Male) |
| 6:44 | Build | Mill |
| 7:00 | Create | Villager (Male) |
| 7:32 | Create | Villager (Male) |
| 7:33 | Create | Villager (Male) |
| 8:01 | Create | Villager (Male) |
| 8:25 | Create | Villager (Male) |
| 8:31 | Build | Mining Camp |
| 8:40 | Create | Villager (Male) |
| 8:55 | Create | Villager (Male) |
| 9:14 | Research | Feudal Age |
| 9:42 | Create | Villager (Male) |
| 9:43 | Research | Loom |
| 9:58 | Build | Barracks |
| 10:44 | Build | House |
| 11:47 | Age | Feudal Age |
| 11:53 | Build | Blacksmith |
| 11:59 | Build | Stable |
| 12:32 | Build | House |
| 12:43 | Research | Castle Age |
| 12:57 | Research | Double-Bit Axe |
| 13:27 | Build | Farm |
| 13:32 | Build | Farm |
| 13:44 | Build | Farm |
| 13:59 | Build | Farm |
| 14:20 | Build | Farm |
| 14:33 | Create | Villager (Male) |
| 14:40 | Build | Farm |
| 14:49 | Research | Scale Barding Armor |
| 15:03 | Build | Farm |
| 15:23 | Age | Castle Age |
| 15:24 | Build | Farm |
| 15:27 | Create | Knight |
| 15:28 | Create | Knight |
| 15:28 | Create | Knight |
| 15:40 | Create | Villager (Male) |
| 15:45 | Build | Farm |
| 15:50 | Build | Farm |
| 15:59 | Create | Villager (Male) |
| 15:59 | Create | Villager (Male) |
| 16:06 | Build | Farm |
| 16:12 | Build | Farm |
| 16:26 | Create | Knight |
| 16:38 | Build | Farm |
| 16:56 | Create | Villager (Male) |
| 17:30 | Create | Knight |
| 17:31 | Create | Knight |
| 17:31 | Create | Villager (Male) |
| 17:43 | Create | Villager (Male) |
| 17:59 | Create | Villager (Male) |
| 18:03 | Build | House |
| 18:04 | Build | House |
| 18:23 | Research | Husbandry |
| 18:25 | Create | Villager (Male) |
| 19:03 | Create | Villager (Male) |
| 19:05 | Build | House |
| 19:06 | Build | House |
| 19:35 | Create | Knight |
| 19:35 | Create | Knight |
| 19:50 | Research | Forging |
| 20:32 | Create | Villager (Male) |
| 20:35 | Build | House |
| 20:36 | Build | House |
| 20:42 | Create | Knight |
| 20:42 | Create | Knight |
| 20:50 | Create | Villager (Male) |
| 20:59 | Create | Villager (Male) |
| 21:02 | Create | Knight |
| 21:26 | Create | Villager (Male) |
| 21:32 | Build | Mining Camp |
| 22:05 | Create | Knight |
| 22:06 | Create | Knight |
| 22:17 | Create | Villager (Male) |
| 22:27 | Create | Villager (Male) |
| 23:05 | Create | Villager (Male) |
| 23:12 | Create | Villager (Male) |
| 23:12 | Create | Villager (Male) |
| 23:21 | Build | House |
| 23:25 | Build | House |
| 23:28 | Build | Stable |
| 23:42 | Create | Villager (Male) |
| 23:51 | Build | Town Center |
| 24:02 | Build | House |
| 24:05 | Build | Gate |
| 24:10 | Build | House |
| 24:26 | Create | Knight |
| 24:26 | Create | Knight |
| 24:26 | Create | Knight |
| 24:26 | Create | Knight |
| 24:48 | Build | Gate |
| 25:06 | Create | Knight |
| 25:06 | Create | Knight |
| 25:06 | Create | Knight |
| 25:07 | Create | Knight |
| 25:10 | Create | Villager (Male) |
| 25:18 | Create | Villager (Male) |
| 25:31 | Create | Villager (Male) |
| 25:31 | Create | Villager (Male) |
| 25:31 | Create | Villager (Male) |
| 25:33 | Create | Villager (Male) |
| 25:33 | Create | Villager (Male) |
| 26:02 | Create | Knight |
| 26:02 | Create | Knight |
| 26:03 | Create | Knight |
| 26:04 | Create | Villager (Male) |
| 26:05 | Create | Villager (Male) |
| 26:32 | Create | Villager (Male) |
| 26:41 | Build | House |
| 26:42 | Build | House |
| 26:54 | Create | Knight ×2 |
| 26:54 | Create | Knight ×2 |
| 26:55 | Create | Knight ×2 |
| 27:15 | Create | Villager (Male) |
| 27:16 | Create | Villager (Male) |
| 27:24 | Build | Farm |
| 27:27 | Create | Villager (Male) |
| 27:34 | Create | Knight |
| 27:34 | Create | Knight |
| 27:34 | Create | Knight |
| 28:10 | Create | Knight |
| 28:10 | Create | Knight |
| 28:10 | Create | Knight |
| 28:10 | Create | Knight |
| 28:25 | Build | Farm |
| 28:28 | Build | Farm |
| 28:29 | Build | Farm |
Build order — 心如止水
First 150 of 367 actions detected
| 0:01 | Create | Villager (Male) |
| 0:01 | Create | Villager (Male) |
| 0:02 | Create | Villager (Male) |
| 0:03 | Build | House |
| 0:04 | Build | House |
| 0:23 | Create | Villager (Male) |
| 1:28 | Create | Villager (Male) |
| 1:48 | Create | Villager (Male) |
| 1:53 | Build | Lumber Camp |
| 2:12 | Create | Villager (Male) |
| 2:42 | Create | Villager (Male) |
| 3:01 | Create | Villager (Male) |
| 3:06 | Build | House |
| 3:24 | Create | Villager (Male) |
| 3:58 | Create | Villager (Male) |
| 4:14 | Build | Mill |
| 4:31 | Create | Villager (Male) |
| 4:41 | Create | Villager (Male) |
| 4:51 | Create | Villager (Male) |
| 5:11 | Research | Double-Bit Axe |
| 5:11 | Research | Double-Bit Axe |
| 5:16 | Build | House |
| 5:32 | Create | Villager (Male) |
| 5:36 | Create | Villager (Male) |
| 6:30 | Create | Villager (Male) |
| 7:00 | Create | Villager (Male) |
| 7:04 | Build | Mining Camp |
| 7:24 | Create | Villager (Male) |
| 7:38 | Build | Mining Camp |
| 7:40 | Create | Villager (Male) |
| 8:12 | Build | Farm |
| 8:19 | Research | Feudal Age |
| 8:26 | Build | Farm |
| 8:45 | Build | House |
| 9:31 | Create | Villager (Male) |
| 9:31 | Create | Villager (Male) |
| 10:31 | Age | Feudal Age |
| 10:35 | Build | Market |
| 10:43 | Build | Blacksmith |
| 11:33 | Create | Villager (Male) |
| 11:55 | Research | Castle Age |
| 12:42 | Research | Horse Collar |
| 12:45 | Build | Farm |
| 13:01 | Build | House |
| 13:33 | Create | Villager (Male) |
| 13:40 | Research | Bow Saw |
| 13:40 | Research | Bow Saw |
| 14:17 | Research | Scale Barding Armor |
| 14:38 | Age | Castle Age |
| 14:52 | Create | Villager (Male) |
| 14:54 | Build | Farm |
| 15:21 | Build | Castle |
| 15:24 | Create | Villager (Male) |
| 15:32 | Build | Farm |
| 15:33 | Build | Farm |
| 15:43 | Create | Villager (Male) |
| 15:48 | Create | Villager (Male) |
| 16:03 | Build | Farm |
| 16:05 | Build | Farm |
| 16:26 | Create | Coustillier |
| 16:26 | Create | Coustillier |
| 16:38 | Create | Villager (Male) |
| 16:41 | Build | Farm |
| 16:42 | Build | Farm |
| 16:51 | Create | Coustillier |
| 16:56 | Create | Villager (Male) |
| 17:05 | Create | Coustillier |
| 17:06 | Create | Villager (Male) |
| 17:23 | Create | Villager (Male) |
| 17:42 | Create | Villager (Male) |
| 17:54 | Build | Town Center |
| 17:59 | Build | House |
| 18:12 | Create | Villager (Male) |
| 18:13 | Create | Coustillier |
| 18:31 | Create | Villager (Male) |
| 18:45 | Create | Coustillier |
| 18:46 | Create | Coustillier |
| 18:47 | Create | Villager (Male) |
| 18:54 | Build | Farm |
| 18:55 | Build | Farm |
| 18:55 | Build | Farm |
| 18:55 | Build | Farm |
| 18:55 | Build | Farm |
| 19:14 | Create | Villager (Male) |
| 19:22 | Create | Villager (Male) |
| 19:29 | Build | House |
| 19:49 | Create | Villager (Male) |
| 19:52 | Create | Coustillier |
| 19:57 | Build | Farm |
| 19:57 | Build | Farm |
| 19:57 | Build | Farm |
| 19:57 | Build | Farm |
| 20:17 | Create | Coustillier |
| 20:17 | Create | Villager (Male) |
| 20:36 | Build | Farm |
| 20:38 | Create | Villager (Male) |
| 20:39 | Build | Farm |
| 20:39 | Build | Farm |
| 20:57 | Create | Villager (Male) |
| 21:02 | Create | Villager (Male) |
| 21:12 | Create | Villager (Male) |
| 21:23 | Build | Siege Workshop |
| 21:24 | Create | Villager (Male) |
| 21:31 | Research | Wheelbarrow |
| 21:31 | Research | Wheelbarrow |
| 21:31 | Research | Wheelbarrow |
| 21:33 | Research | Loom |
| 21:34 | Create | Villager (Male) |
| 21:42 | Create | Villager (Male) |
| 21:59 | Build | Palisade Wall |
| 22:00 | Build | Palisade Wall |
| 22:01 | Build | Palisade Wall |
| 22:05 | Create | Villager (Male) |
| 22:14 | Create | Villager (Male) |
| 22:17 | Create | Villager (Male) |
| 22:33 | Build | Town Center |
| 22:34 | Create | Villager (Male) |
| 22:43 | Create | Villager (Male) |
| 22:50 | Build | Monastery |
| 22:51 | Create | Villager (Male) |
| 23:06 | Create | Villager (Male) |
| 23:10 | Build | Farm |
| 23:14 | Build | Farm |
| 23:17 | Build | Farm |
| 23:21 | Research | Heavy Plow |
| 23:21 | Research | Heavy Plow |
| 23:25 | Create | Villager (Male) |
| 23:41 | Build | Palisade Wall |
| 23:46 | Create | Villager (Male) |
| 23:54 | Build | House |
| 23:59 | Create | Villager (Male) |
| 24:10 | Create | Monk |
| 24:13 | Create | Villager (Male) |
| 24:14 | Build | Farm |
| 24:15 | Build | Farm |
| 24:20 | Create | Villager (Male) |
| 24:31 | Create | Villager (Male) |
| 24:39 | Create | Villager (Male) |
| 24:46 | Create | Villager (Male) |
| 24:53 | Create | Villager (Male) |
| 24:57 | Create | Villager (Male) |
| 24:59 | Build | Farm |
| 24:59 | Build | Farm |
| 24:59 | Build | Farm |
| 24:59 | Build | Farm |
| 25:01 | Create | Villager (Male) |
| 25:03 | Build | Farm |
| 25:10 | Build | Mining Camp |
| 25:16 | Create | Villager (Male) |
| 25:18 | Create | Villager (Male) |
Match timeline
| 5:06 | Ux'DonChauron · first_building Barracks |
| 7:41 | Ux'Tycho0201 · first_building Barracks |
| 8:28 | Ux'Tycho0201 · age_up feudal |
| 8:50 | Ux'Tycho0201 · first_building Stable |
| 8:51 | Ux'DonChauron · age_up feudal |
| 9:12 | 今夕离梦杳 · first_building Barracks |
| 9:16 | 今夕离梦杳 · wall_segment Palisade Wall x3 |
| 9:29 | 今夕离梦杳 · wall_segment Palisade Wall x6 |
| 9:39 | 今夕离梦杳 · age_up feudal |
| 9:41 | CTM | Crawly94 · age_up feudal |
| 9:58 | Ux' Krupjm · first_building Barracks |
| 10:25 | 今夕离梦杳 · wall_segment Palisade Wall x1 |
| 10:31 | 心如止水 · age_up feudal |
| 11:13 | Ux'DonChauron · wall_segment Stone Wall x25 |
| 11:20 | 朝夕 · age_up feudal |
| 11:23 | 关山难越谁悲失路之人萍水相逢尽是他乡之客 · age_up feudal |
| 11:47 | Ux' Krupjm · age_up feudal |
| 11:59 | Ux' Krupjm · first_building Stable |
| 12:30 | 朝夕 · wall_segment Palisade Wall x1 |
| 12:49 | Ux'DonChauron · wall_segment Stone Wall x19 |
| 13:23 | 今夕离梦杳 · first_market_buy 100 stone |
| 13:34 | 朝夕 · first_market_sell 100 wood |
| 14:30 | Ux'DonChauron · wall_segment Stone Wall x8 |
| 14:38 | 心如止水 · age_up castle |
| 14:45 | 朝夕 · wall_segment Palisade Wall x1 |
| 14:53 | 关山难越谁悲失路之人萍水相逢尽是他乡之客 · age_up castle |
| 15:02 | 关山难越谁悲失路之人萍水相逢尽是他乡之客 · first_building Castle |
| 15:21 | 心如止水 · first_building Castle |
| 15:23 | Ux' Krupjm · age_up castle |
| 15:27 | Ux'DonChauron · first_building Archery Range |
| 15:40 | 朝夕 · wall_segment Palisade Wall x1 |
| 15:54 | CTM | Crawly94 · wall_segment Palisade Wall x1 |
| 15:55 | CTM | Crawly94 · wall_segment Palisade Wall x1 |
| 15:58 | CTM | Crawly94 · wall_segment Palisade Wall x1 |
| 15:58 | 今夕离梦杳 · wall_segment Palisade Wall x1 |
| 16:03 | 今夕离梦杳 · wall_segment Palisade Wall x1 |
| 16:07 | 今夕离梦杳 · first_market_sell 100 wood |
| 16:13 | 心如止水 · first_market_sell 100 wood |
| 16:13 | 心如止水 · first_market_buy 100 food |
| 16:18 | 朝夕 · age_up castle |
| 16:22 | Ux'DonChauron · wall_segment Stone Wall x18 |
| 16:25 | Ux'DonChauron · wall_segment Stone Wall x13 |
| 16:53 | 朝夕 · first_building Castle |
| 17:08 | 今夕离梦杳 · wall_segment Palisade Wall x1 |
| 17:42 | Ux'Tycho0201 · first_market_sell 100 food |
| 17:50 | Ux'DonChauron · first_market_buy 100 food |
| 19:30 | Ux'DonChauron · wall_segment Stone Wall x4 |
| 19:52 | Ux'DonChauron · wall_segment Stone Wall x1 |
| 20:01 | Ux'DonChauron · wall_segment Stone Wall x1 |
| 20:07 | Ux'DonChauron · wall_segment Stone Wall x1 |
| 20:09 | Ux'DonChauron · wall_segment Stone Wall x1 |
| 20:11 | Ux'DonChauron · wall_segment Stone Wall x1 |
| 20:23 | Ux'Tycho0201 · age_up castle |
| 20:42 | 今夕离梦杳 · wall_segment Palisade Wall x7 |
| 21:13 | Ux'DonChauron · first_building Stable |
| 21:18 | 今夕离梦杳 · wall_segment Stone Wall x1 |
| 21:19 | 今夕离梦杳 · wall_segment Stone Wall x1 |
| 21:22 | 今夕离梦杳 · wall_segment Stone Wall x1 |
| 21:23 | 心如止水 · first_building Siege Workshop |
| 21:35 | 今夕离梦杳 · wall_segment Stone Wall x7 |
| 21:59 | 心如止水 · wall_segment Palisade Wall x1 |
| 22:00 | 心如止水 · wall_segment Palisade Wall x1 |
| 22:01 | 心如止水 · wall_segment Palisade Wall x1 |
| 22:03 | Ux'DonChauron · age_up castle |
| 22:16 | 今夕离梦杳 · wall_segment Stone Wall x5 |
| 22:24 | Ux'DonChauron · wall_segment Stone Wall x11 |
| 22:37 | CTM | Crawly94 · first_market_sell 100 stone |
| 22:50 | 心如止水 · first_building Monastery |
| 23:01 | 朝夕 · wall_segment Palisade Wall x1 |
| 23:39 | Ux'DonChauron · first_market_sell 100 food |
| 23:41 | Ux'Tycho0201 · first_market_buy 100 food |
| 23:41 | 心如止水 · wall_segment Palisade Wall x1 |
| 24:52 | Ux'Tycho0201 · wall_segment Stone Wall x12 |
| 25:27 | 心如止水 · first_building Barracks |
| 25:32 | 今夕离梦杳 · first_building Archery Range |
| 25:38 | CTM | Crawly94 · age_up castle |
| 26:15 | CTM | Crawly94 · first_building Castle |
| 27:21 | 今夕离梦杳 · age_up castle |
| 27:45 | Ux'DonChauron · wall_segment Stone Wall x1 |
| 28:08 | CTM | Crawly94 · first_market_buy 100 stone |
| 28:20 | CTM | Crawly94 · first_building Siege Workshop |
| 28:25 | 今夕离梦杳 · wall_segment Stone Wall x7 |
| 30:52 | Ux' Krupjm · first_market_sell 500 wood |
| 31:01 | Ux' Krupjm · first_market_buy 100 food |
| 31:16 | 心如止水 · age_up imperial |
| 32:06 | 今夕离梦杳 · wall_segment Stone Wall x1 |
| 32:09 | 今夕离梦杳 · wall_segment Stone Wall x3 |
| 32:18 | 今夕离梦杳 · wall_segment Stone Wall x1 |
| 32:21 | 今夕离梦杳 · wall_segment Stone Wall x4 |
| 32:23 | 今夕离梦杳 · wall_segment Stone Wall x1 |
| 33:00 | Ux'Tycho0201 · first_building Monastery |
| 33:20 | 心如止水 · first_building Archery Range |
| 34:34 | CTM | Crawly94 · first_building Barracks |
| 34:43 | Ux'Tycho0201 · first_building Castle |
| 35:05 | 今夕离梦杳 · first_building Castle |
| 35:29 | Ux'DonChauron · first_building Monastery |
| 35:34 | CTM | Crawly94 · wall_segment Stone Wall x11 |
| 35:38 | Ux'Tycho0201 · wall_segment Stone Wall x1 |
| 35:46 | CTM | Crawly94 · first_building Archery Range |
| 36:34 | 心如止水 · tribute_sent a jugador 1 |
| 36:34 | 心如止水 · tribute_sent a jugador 2 |
| 36:34 | 心如止水 · tribute_sent a jugador 3 |
| 36:34 | 心如止水 · tribute_sent a jugador 4 |
| 36:34 | 心如止水 · tribute_sent a jugador 5 |
| 36:34 | 心如止水 · tribute_sent a jugador 6 |
| 36:34 | 心如止水 · tribute_sent a jugador 7 |
| 36:45 | Ux'Tycho0201 · age_up imperial |
| 37:07 | 关山难越谁悲失路之人萍水相逢尽是他乡之客 · age_up imperial |
| 38:02 | Ux'Tycho0201 · tribute_sent a jugador 1 |
| 38:02 | Ux'Tycho0201 · tribute_sent a jugador 2 |
| 38:02 | Ux'Tycho0201 · tribute_sent a jugador 4 |
| 38:02 | Ux'Tycho0201 · tribute_sent a jugador 5 |
| 38:02 | Ux'Tycho0201 · tribute_sent a jugador 6 |
| 38:02 | Ux'Tycho0201 · tribute_sent a jugador 7 |
| 38:02 | Ux'Tycho0201 · tribute_sent a jugador 8 |
| 38:41 | CTM | Crawly94 · resign |
[ AI ANALYSIS · 1 CREDIT ]
What really happened in this match?
Wolo.gg analyzes every decision: build order, eco, micro, common mistakes by bracket. Personalized analysis on WhatsApp or Discord in 30 seconds.
Civ guide
Teutons
Perfil
Jugador #20107364